 Dungeon Crawl Stone Soup version 0.26-a0-667-g92642533e4 (console) character file.

Game seed: 973843757908662018

1124 DayCrawler the Grappler (level 8, -10/75 HPs)
             Began as a Troll Berserker on Oct 15, 2020.
             Was an Elder of Trog.
             Mangled by Menkaure (21 damage)
             ... on level 5 of the Dungeon on Oct 16, 2020.
             The game lasted 00:26:01 (3205 turns).

DayCrawler the Grappler (Troll Berserker)           Turns: 3205, Time: 00:26:01

Health: -10/75     AC:  6    Str: 26    XL:     8   Next: 13%
Magic:  7/7        EV: 11    Int:  3    God:    Trog [****..]
Gold:   240        SH:  0    Dex: 11    Spells: 7/7 levels left

rFire    . . .     SeeInvis .   o - +4 falchion
rCold    . . .     Faith    .   (no shield)
rNeg     . . .     Spirit   .   a - +0 animal skin
rPois    .         Reflect  .   (helmet restricted)
rElec    .         Harm     .   (no cloak)
rCorr    .         Rampage  .   (gloves unavailable)
MR       .....                  (boots unavailable)
Stlth    ++........             e - amulet of regeneration
HPRegen  1.02/turn              (no ring)
MPRegen  0.10/turn              (no ring)

@: no status effects
A: large, unfitting armour, claws 3, regeneration 1, shaggy fur 1, tough skin 3
a: Berserk, Trog's Hand, Brothers in Arms, Renounce Religion


You were on level 5 of the Dungeon.
You worshipped Trog.
Trog was greatly pleased with you.
You visited 1 branch of the dungeon, and saw 5 of its levels.

You collected 240 gold pieces.

Inventory:

Hand Weapons
 o - a +4 falchion (weapon)
Armour
 a - a +0 animal skin (worn)
 r - a +0 pair of boots
 t - a +0 helmet
Jewellery
 e - an amulet of regeneration (around neck)
Wands
 s - a wand of disintegration (15)
Scrolls
 d - a scroll of teleportation {unknown}
 h - 2 scrolls of magic mapping {unknown}
 j - 2 scrolls of amnesia {unknown}
 k - 2 scrolls of fog {unknown}
 l - 2 scrolls of random uselessness {unknown}
 m - 3 scrolls of remove curse {unknown}
 q - 2 scrolls of fear {unknown}
Potions
 b - a potion of flight {unknown}
 c - 2 potions of magic
 f - 3 potions of stabbing
 g - 3 potions of heal wounds {unknown}
 i - a potion of ambrosia {unknown}
 n - a potion of invisibility {unknown}
 p - 2 potions of curing {unknown}
 u - a potion of lignification {unknown}
 v - a potion of mutation {unknown}


   Skills:
 + Level 3.2 Fighting
 + Level 1.2 Long Blades
 + Level 4.2 Dodging
 + Level 1.2 Stealth
 + Level 8.2 Unarmed Combat


You had 7 spell levels left.
You didn't know any spells.
Your spell library was empty.

Dungeon Overview and Level Annotations

Branches:
Dungeon (5/15)
 Temple: D:4-7

Altars:
Makhleb
Sif Muna
Trog

Shops:
D:5 [((

Annotations:
D:5 Menkaure


Innate Abilities, Weirdness & Mutations

You are too large for most types of armour.
You have claws for hands.
Your natural rate of healing is unusually fast.
You are covered in fur. (AC +1)
You have extremely tough skin. (AC +3)


Message History

Menkaure calls on the powers of darkness!
Your body is wracked with pain!
Edmund convulses!
Edmund hits you with a +6 vorpal flail!
* * * LOW HITPOINT WARNING * * *
x2 You hit Edmund.
Edmund is severely wounded.
Menkaure draws the symbol "Udjat" in the dust.
Menkaure calls on the powers of darkness!
Your body is wracked with pain!
* * * LOW HITPOINT WARNING * * *
Edmund convulses!
Edmund asks, "Have you met my wondrous brother?"
Edmund closely misses you.
You riposte.
You slash Edmund!
You kill Edmund!
Trog accepts your kill.
Your Long Blades skill increases to level 1!
Menkaure closely misses you.
You slash Menkaure!
Menkaure is moderately damaged.
Menkaure hits you!!
You die...

#............#......(...# #.(.
#.....†....#.#..........## ##..
#..........#.##........... #...#
#............##.........# .#..
#............##.........### #####
##...........##............##...#
#........##...####......####.....
.....######... #......# #......
......# #.. ####..#....#..._..
......# #...#.....##...#......
......# #...)@M...# #.##.....
........ ..........∩.# ##...#
......##########........... #####
......# ############ # ......#
....>##


You could see Menkaure (fast).

Vanquished Creatures
  Grinder (D:3)
  Edmund (D:5)
  An ice beast (D:4)
  A centaur (D:5)
  An ogre (D:4)
  A bullfrog (D:4)
  A scorpion (D:5)
  3 orc priests (D:4)
  2 orc wizards
  A bullfrog skeleton (D:5)
  2 iguanas (D:5)
  2 worker ants (D:4)
  7 adders
  A white imp (D:5)
  An ooze (D:1)
  An adder skeleton (D:4)
  4 worms
  3 dart slugs
  A leopard gecko (D:4)
  23 orcs
  A ball python (D:3)
  3 giant cockroaches
  6 goblins
  4 hobgoblins
  5 jackals
  11 kobolds
  4 quokkas
  7 bats
  3 frilled lizards
  13 rats
115 creatures vanquished.

Notes
Turn   | Place    | Note
-------+----------+-------------------------------------------
     0 | D:1      | DayCrawler the Troll Berserker began the quest for the Orb.
     0 | D:1      | Reached XP level 1. HP: 22/22 MP: 0/0
   102 | D:1      | Upgraded the game from 0.26-a0-665-gefeb406119 to
                  | 0.26-a0-667-g92642533e4
   217 | D:1      | Reached XP level 2. HP: 28/29 MP: 1/1
   637 | D:1      | You fall into a shaft and drop 1 floor!
   668 | D:2      | Reached XP level 3. HP: 36/36 MP: 2/2
   840 | D:2      | Reached ** piety under Trog
  1110 | D:2      | Reached skill level 4 in Unarmed Combat
  1110 | D:2      | Reached XP level 4. HP: 41/44 MP: 3/3
  1431 | D:3      | Found a bloodstained altar of Trog.
  1673 | D:3      | Reached XP level 5. HP: 49/52 MP: 4/4
  1679 | D:3      | Reached *** piety under Trog
  1692 | D:3      | Reached skill level 5 in Unarmed Combat
  1857 | D:3      | Noticed Grinder
  1868 | D:3      | Paralysed by Grinder for 7 turns
  1876 | D:3      | Killed Grinder
  1876 | D:3      | Reached skill level 6 in Unarmed Combat
  1876 | D:3      | Reached XP level 6. HP: 15/59 MP: 5/5
  2029 | D:4      | Found a shimmering blue altar of Sif Muna.
  2225 | D:4      | Reached XP level 7. HP: 67/67 MP: 6/6
  2362 | D:4      | Reached skill level 7 in Unarmed Combat
  2899 | D:5      | Entered Level 5 of the Dungeon
  2923 | D:5      | Reached skill level 1 in Stealth
  2928 | D:5      | Found a burning altar of Makhleb.
  2949 | D:5      | Found Bioje's Weapon Shoppe.
  2968 | D:5      | Reached skill level 8 in Unarmed Combat
  3017 | D:5      | Found Ritz's Armour Shoppe.
  3066 | D:5      | Reached **** piety under Trog
  3180 | D:5      | Reached XP level 8. HP: 70/75 MP: 7/7
  3187 | D:5      | Found Ufuagomp's Weapon Shoppe.
  3193 | D:5      | Noticed Edmund
  3194 | D:5      | Noticed Menkaure
  3204 | D:5      | Killed Edmund
  3204 | D:5      | Reached skill level 1 in Long Blades
  3205 | D:5      | Mangled by Menkaure

Illustrated notes

Levels and vault maps discovered:
D:1:      eino_arrival_water_star, layout_basic, minivault_5
D:2:      layout_loops_ring, kennysheep_generic_room_14
D:3:      layout_basic, lemuel_crystal_altar, interstate_on_off, uniq_grinder
D:4:      layout_basic, kennysheep_little_box, kennysheep_generic_room_6
D:5:      layout_rooms, nicolae_overflow_crystal_walls, lemuel_round_altar,
          serial_shops, shop, shop, shop, shop,
          hangedman_abyss_or_decor_stagger, uniq_edmund, uniq_menkaure

Skill      XL: |  1  2  3  4  5  6  7  8 |
---------------+-------------------------+-----
Dodging        | 3 4 |  4.2
Unarmed Combat | 4 6 8 |  8.2
Fighting       | 3 |  3.2
Stealth        | 1 |  1.2
Long Blades    | 1 |  1.2

Action                   |  1- 3 |  4- 6 |  7- 9 || total
-------------------------+-------+-------+-------++-------
Melee: Unarmed           |   113 |   126 |    35 ||   274
       Punch             |       |     2 |     3 ||     5
       Falchion          |       |       |    37 ||    37
  Use: Scroll            |       |     2 |     4 ||     6
 Stab: Sleeping          |     1 |     1 |     2 ||     4
Armor: Animal skin       |    29 |    36 |    16 ||    81
Dodge: Dodged            |    66 |    52 |    46 ||   164
       Rpst.: Falchion   |       |       |    15 ||    15

Table legend: (Time is in decaauts)
 A = Elapsed time spent in this place.
 B = Non-inter-level travel time spent in this place.
 C = Inter-level travel time spent in this place.
 D = Time resting spent in this place.
 E = Time spent auto-exploring this place.
 F = Levels seen in this place.
 G = Mean time per level.
                   A        B        C        D        E       F      G
               +--------+--------+--------+--------+--------+-----+--------+
         Total |   3192 |   3085 |    107 |      4 |   2290 |   5 |  638.4 |
       Dungeon |   3192 |   3085 |    107 |      4 |   2290 |   5 |  638.4 |
               +--------+--------+--------+--------+--------+-----+--------+

Top non-repeatable levels by time:
     D:4: 871 daAuts
     D:2: 708 daAuts
     D:3: 661 daAuts
     D:1: 635 daAuts
     D:5: 316 daAuts
